 Dungeon Crawl Stone Soup version 0.28.0-53-g5a82cb258f (webtiles) character file.

Game seed: 7256876285472922439

221 safid the Chopper (level 5, -2/46 HPs)
             Began as a Hill Orc Fighter on Aug 15, 2022.
             Was an Initiate of Beogh.
             Slain by a gnoll
             ... wielding a +0 spear
              (4 damage)
             ... on level 4 of the Dungeon.
             The game lasted 00:03:45 (4437 turns).

safid the Chopper (Hill Orc Fighter)                Turns: 4437, Time: 00:03:46

Health: -2/46      AC:  8    Str: 21    XL:     5   Next: 98%
Magic:  5/5        EV:  9    Int:  8    God:    Beogh [......]
Gold:   90         SH:  4    Dex: 10    Spells: 4/4 levels left

rFire   . . .      SeeInvis .   a - +0 war axe
rCold   . . .      Faith    .   c - +0 buckler
rNeg    + . .      Spirit   .   b - +0 scale mail
rPois   +          Reflect  .   (no helmet)
rElec   .          Harm     .   (no cloak)
rCorr   .          Rampage  .   (no gloves)
Will    .....                   q - +0 pair of boots
Stlth   ..........              (no amulet)
HPRegen 0.15/turn               j - ring of positive energy
MPRegen 0.09/turn               o - ring of poison resistance

@: no status effects
A: no striking features
a: Renounce Religion


You were on level 4 of the Dungeon.
You worshipped Beogh.
Beogh was noncommittal.
You visited 1 branch of the dungeon, and saw 4 of its levels.

You collected 90 gold pieces.

Inventory:

Hand Weapons
 a - a +0 war axe (weapon)
Missiles
 h - 5 poisoned darts (quivered)
Armour
 b - a +0 scale mail (worn)
 c - a +0 buckler (worn)
 q - a +0 pair of boots (worn)
Jewellery
 j - a ring of positive energy (left hand)
 o - a ring of poison resistance (right hand)
Scrolls
 e - a scroll of immolation {unknown}
 f - a scroll of enchant weapon {unknown}
 i - a scroll of magic mapping {unknown}
 m - a scroll of enchant armour {unknown}
 n - a scroll of teleportation {unknown}
 p - a scroll of identify {unknown}
 r - a scroll of torment {unknown}
 s - a scroll of fog {unknown}
 u - a scroll of summoning {unknown}
Potions
 d - 2 potions of might
 g - 2 potions of ambrosia {unknown}
 k - a potion of degeneration {unknown}
 l - a potion of mutation {unknown}
 t - a potion of attraction {unknown}


   Skills:
 - Level 4.0 Fighting
 + Level 6.7 Axes
 - Level 4.0 Armour
 - Level 4.0 Shields


You had 4 spell levels left.
You didn't know any spells.
Your spell library contained the following spells:

 Spells                   Type           Power      Damage    Failure   Level
 Pain                     Necr           0%         1d4       83%         1


Dungeon Overview and Level Annotations

Branches:
Dungeon (4/15)             Temple (0/1) D:4

Altars:
Ashenzari
Elyvilon
Gozag
Kikubaaqudgha
Nemelex Xobeh
Qazlal
Sif Muna
Vehumet

Annotations:
D:3 3 runed translucent doors, fleet's ghost, amateur FoVM


Message History

You are too injured to fight recklessly!
You are too injured to fight recklessly!
You are too injured to fight recklessly!
You are too injured to fight recklessly!
You are too injured to fight recklessly!
You are too injured to fight recklessly!
You are too injured to fight recklessly!
You are too injured to fight recklessly!
Unknown command.
Unknown command.
Unknown command.
Unknown command.
Unknown command.
You slash the gnoll shaman!
The gnoll shaman is severely wounded.
The gnoll closely misses you.
The gnoll hits you from afar with a +0 spear.
The gnoll shaman closely misses you.
You slash the gnoll shaman!
You kill the gnoll shaman!
Beogh accepts your kill.
Beogh appreciates your killing of a heretic priest.
The gnoll hits you from afar with a +0 spear. x2
* * * LOW HITPOINT WARNING * * *
You block the gnoll's attack.
Items here: )) [ †.
Unknown command.
You hit the gnoll.
The gnoll is moderately wounded.
The gnoll barely misses you. The gnoll hits you with a +0 spear.
* * * LOW HITPOINT WARNING * * *
You slash the gnoll!
The gnoll is severely wounded.
The gnoll hits you with a +0 spear.
* * * LOW HITPOINT WARNING * * *
The gnoll misses you.
You hit the gnoll.
The gnoll is severely wounded.
The gnoll completely misses you. The gnoll hits you with a +0 spear.
You die...

#######.#.#####......#.#.# #.#.
#.........# #..#####.#.####.#.
#.#####.#######..#............#.
##.# #...........#.##...####.#.
...# ##########...#.#.........#.
#### .............#.#...>.^.....
##########.#.#.#..######.#.
(.#######g#.#.#..######.#.
#.....†..@..#.#.........#.
#########.###.#...#####...
...........#.#...# #.#.
############.#.# #...# #.#.
#............#.# ###.# #.#.
#.############.# #.# #.#.
#.############.# #.# #.##
#..............# #.# #.#.
################ #.# #.#.


You could see a gnoll (fast).

Vanquished Creatures
  A bullfrog skeleton (D:3)
  A gnoll shaman (D:4)
  3 gnolls (D:4)
  5 adders
  2 worms
  3 dart slugs
  4 orcs (D:3)
  6 bats
  4 endoplasms
  3 giant cockroaches
  5 goblins
  10 hobgoblins
  3 jackals (D:1)
  5 kobolds
  A quokka (D:4)
  11 ball pythons
  4 frilled lizards
  5 rats
76 creatures vanquished.

Vanquished Creatures (others)
  2 endoplasms (D:1)
  A hobgoblin (D:1)
  2 plants (D:4)
5 creatures vanquished.

Grand Total: 81 creatures vanquished

Notes
Turn   | Place    | Note
-------+----------+-------------------------------------------
     0 | D:1      | safid the Hill Orc Fighter began the quest for the Orb.
     0 | D:1      | Reached XP level 1. HP: 19/19 MP: 1/1
   200 | D:1      | Reached skill level 3 in Axes
   200 | D:1      | Reached XP level 2. HP: 24/27 MP: 2/2
   332 | D:1      | Reached XP level 3. HP: 31/33 MP: 3/3
  1352 | D:2      | Found a faded altar of an unknown god.
  1464 | D:2      | Found a stormy altar of Qazlal.
  1778 | D:2      | Reached XP level 4. HP: 28/40 MP: 4/4
  1887 | D:2      | Reached skill level 4 in Axes
  2498 | D:3      | Found a runed translucent gate.
  2499 | D:3      | Found a runed translucent gate.
  2499 | D:3      | Found a runed translucent gate.
  2500 | D:3      | Found an opulent altar of Gozag.
  2500 | D:3      | Noticed fleet's ghost (amateur FoVM)
  2501 | D:3      | Noticed a scorpion
  2519 | D:3      | Reached skill level 5 in Axes
  2519 | D:3      | Reached XP level 5. HP: 28/46 MP: 5/5
  2670 | D:3      | Found a sparkling altar of Nemelex Xobeh.
  2819 | D:3      | Found a broken altar of Ashenzari.
  2820 | D:3      | Became a worshipper of Beogh the Brigand
  3010 | D:3      | Found an ancient bone altar of Kikubaaqudgha.
  3016 | D:3      | Found a shimmering blue altar of Sif Muna.
  3018 | D:3      | Found a radiant altar of Vehumet.
  3026 | D:3      | Got Kikubaaqudgha's Compendium of Sinister Rituals
  3600 | D:4      | Found a white marble altar of Elyvilon.
  3635 | D:4      | Reached skill level 6 in Axes
  3974 | D:4      | Found a staircase to the Ecumenical Temple.
  4436 | D:4      | HP: 2/46 [gnoll/+0 spear (4)]
  4437 | D:4      | Slain by a gnoll

Illustrated notes

Levels and vault maps discovered:
D:1:      dpeg_arrival_concentric_ovals, layout_loops_ring,
          minmay_misc_feat_alley, lemuel_flame_loot_1
D:2:      layout_loops_ring, basic_altar,
          hellmonk_ecumenical_altar_heavens_door, minmay_bisected
D:3:      minmay_angry_zag, layout_rooms, grunt_temple_overflow_magic_moments,
          nemelex_spade_bored_becter, evilmike_ruin_ashenzari, serial_aquarium,
          aquarium_bridge_square [aquarium_subvault_wall,
          aquarium_subvault_bridge, aquarium_subvault_balcony,
          aquarium_subvault_bridge], aquarium_bridge_long_separate
          [aquarium_subvault_wall, aquarium_subvault_bridge,
          aquarium_subvault_bridge, aquarium_subvault_bridge,
          aquarium_subvault_bridge, aquarium_subvault_bridge],
          aquarium_window_1, aquarium_window_1, aquarium_view_2c,
          aquarium_view_2b, aquarium_pool_four, ebering_ghost_gozag,
          minmay_misc_feat_cross
D:4:      layout_basic, elyvilon_altar_1, minmay_temple_entry_antechambers

Skill      XL: |  1  2  3  4  5 |
---------------+----------------+-----
Axes           | 3 5 6 |  6.7
Fighting       | 4 |  4.0
Shields        | 4 |  4.0
Armour         | 4 |  4.0

Action                   |  1- 3 |  4- 6 || total
-------------------------+-------+-------++-------
Melee: War axe           |   105 |   120 ||   225
Invok: Convert to Beogh  |       |     1 ||     1
Armor: Scale mail        |    47 |    46 ||    93
Dodge: Dodged            |    55 |    57 ||   112
Block: Buckler           |    21 |    17 ||    38
